 Dungeon Crawl Stone Soup version 0.29-a0-824-gd827844252 (webtiles) character file.

Game seed: 18061007398767439094

213 billz999 the Covert (level 5, 0/35 HPs)
             Began as a Vampire Enchanter on July 10, 2022.
             Was an Initiate of Okawaru.
             Killed by divine providence
             ... invoked by an orc priest
              (12 damage)
             ... on level 4 of the Dungeon.
             The game lasted 00:08:05 (3653 turns).

billz999 the Covert (Vampire Enchanter)             Turns: 3653, Time: 00:08:06

Health: 0/35       AC:  2    Str:  7    XL:     5   Next: 59%
Magic:  1/9        EV: 12    Int: 20    God:    Okawaru [......]
Gold:   183        SH:  0    Dex: 14    Spells: 4/9 levels left

rFire   . . .      SeeInvis +   a - +1 dagger
rCold   . . .      Faith    .   (no shield)
rNeg    . . .      Spirit   .   b - +0 robe
rPois   .          Reflect  .   (no helmet)
rElec   .          Harm     .   (no cloak)
rCorr   .          Rampage  .   (no gloves)
Will    .....                   (no boots)
Stlth   ++++......              (no amulet)
HPRegen 0.31/turn               (no ring)
MPRegen 0.11/turn               (no ring)

@: healing quickly
A: alive, fangs 3, see invisible, vampiric 2
a: Exsanguinate, Renounce Religion


You were on level 4 of the Dungeon.
You worshipped Okawaru.
Okawaru was noncommittal.
You visited 1 branch of the dungeon, and saw 4 of its levels.

You collected 183 gold pieces.

Inventory:

Hand Weapons
 a - a +1 dagger (weapon)
Missiles
 m - 4 poisoned darts (quivered)
Armour
 b - a +0 robe (worn)
Magical Staves
 v - a staff of death
Jewellery
 s - a ring of fire
Scrolls
 d - 2 scrolls of magic mapping {unknown}
 e - 3 scrolls of immolation {unknown}
 f - a scroll of enchant armour {unknown}
 g - a scroll of fear {unknown}
 h - 4 scrolls of identify {unknown}
 i - 2 scrolls of summoning {unknown}
 j - a scroll of poison {unknown}
 k - a scroll of noise {unknown}
 n - 2 scrolls of amnesia {unknown}
 o - a scroll of teleportation {unknown}
Potions
 c - 2 potions of invisibility
 l - a potion of brilliance {unknown}
 p - a potion of resistance {unknown}
 q - a potion of heal wounds {unknown}
 r - 3 potions of degeneration {unknown}
 t - a potion of lignification {unknown}
 u - a potion of flight {unknown}


   Skills:
 - Level 1.1 Short Blades
 - Level 2.1 Dodging
 * Level 8.2 Stealth
 + Level 2.8 Spellcasting
 + Level 5.5 Hexes
 - Level 0.7 Ice Magic


You had 4 spell levels left.
You knew the following spells:

 Your Spells              Type           Power      Damage    Failure   Level
a - Ensorcelled Hibernat  Hex/Ice        30%        N/A       6%          2
b - Confusing Touch       Hex            24%        N/A       4%          3

Your spell library contained the following spells:

 Spells                   Type           Power      Damage    Failure   Level
 Dazzling Flash           Conj/Hex       26%        N/A       14%         3
 Portal Projectile        Hex/Tloc       26%        N/A       14%         3
 Leda's Liquefaction      Hex/Erth       6%         N/A       43%         4
 Tukima's Dance           Hex            Unusable   N/A       N/A         3
 Call Canine Familiar     Summ           Unusable   N/A       N/A         3

Dungeon Overview and Level Annotations

Branches:
Dungeon (4/15)             Temple (0/1) D:4

Altars:
Fedhas
Nemelex Xobeh
Okawaru

Annotations:
D:3 1 runed translucent door, PyroL's ghost, weakling FeTm
D:4 exclusion: oklob plant


Innate Abilities, Weirdness & Mutations

Your natural rate of healing is accelerated.
You have razor-sharp teeth.
You have supernaturally acute eyesight. (SInv)
You are afflicted with vampirism and can become a bat while bloodless.


Message History

Press: ? - help, Shift-Dir - straight line, f - orc priest
Aim: an orc priest, wielding a +0 club and wearing a +0 leather armour (chance to affect: 49%)
The orc priest looks drowsy...
An orc comes into view.
It is wielding a +1 flail of holy wrath.
An orc priest comes into view. It is wielding a +0 falchion.
The helpless orc priest fails to defend itself.
You impale the orc priest!!
You kill the orc priest!
Okawaru accepts your kill.
Casting: Ensorcelled Hibernation (safe; 6% risk of failure)
Confirm with . or Enter, or press ? or * to list all spells.
Your hands begin to glow red.
The orc shouts!
The orc hits you with a +1 flail of holy wrath!
You convulse.
The orc attacks as you move away!
The orc hits you with a +1 flail of holy wrath.
You convulse.
The orc hits you with a +0 whip.
The orc priest invokes the aid of Beogh against you.
Beogh smites you! The orc attacks as you move away!
The orc hits you with a +0 whip. The orc attacks as you move away!
The orc hits you with a +0 whip.
* * * LOW HITPOINT WARNING * * *
Found 8 gold pieces.
Your hands stop glowing.
Casting: Confusing Touch (dangerous; 4% risk of failure)
Confirm with . or Enter, or press ? or * to list all spells.
Aiming: Ensorcelled Hibernation (safe; 6% risk of failure)
Press: ? - help, Shift-Dir - straight line, f - orc
Aim: an orc, wielding a +0 whip and wearing a +0 ring mail (chance to affect: 66%)
The orc struggles to resist.
The orc barely misses you.
Casting: Ensorcelled Hibernation (safe; 6% risk of failure)
Confirm with . or Enter, or press ? or * to list all spells.
Aiming: Ensorcelled Hibernation (safe; 6% risk of failure)
Press: ? - help, Shift-Dir - straight line, f/p - orc
Aim: an orc, wielding a +0 whip and wearing a +0 ring mail (chance to affect: 66%)
The orc looks drowsy...
The orc priest calls down the wrath of Beogh upon you.
Beogh smites you!
You die...

.# ## #.# ###.
#.#####... ####
#.#.....#.## ##
...####.......$.@###.#
##.#......)######oo.#
.....†#†#..# #..###
##.........######o...#
.............o......##
....#.#....#######..#
...#.#.#...# ..#
..#.#.#.#..##### ..#
...#.>.#.......$# ..#


You could see an orc priest and 2 orcs.

Vanquished Creatures
  A necrophage (D:4)
  An orc priest (D:4)
  3 adders
  2 worms (D:2)
  A dart slug (D:3)
  2 orcs (D:3)
  5 ball pythons
  9 endoplasms
  9 giant cockroaches
  9 goblins
  6 hobgoblins
  3 jackals (D:4)
  A kobold (D:3)
  4 quokkas
  10 bats
  5 frilled lizards
  9 rats
80 creatures vanquished.

Notes
Turn   | Place    | Note
-------+----------+-------------------------------------------
     0 | D:1      | billz999 the Vampire Enchanter began the quest for the Orb.
     0 | D:1      | Reached XP level 1. HP: 13/13 MP: 3/3
   189 | D:1      | Reached skill level 5 in Stealth
   310 | D:1      | Reached XP level 2. HP: 19/19 MP: 5/5
   318 | D:1      | Learned a level 2 spell: Ensorcelled Hibernation
   592 | D:1      | Reached skill level 6 in Stealth
   891 | D:1      | Gained mutation: You are afflicted with vampirism and can
                  | become a bat while bloodless. [Vampire growth]
   891 | D:1      | Reached XP level 3. HP: 20/24 MP: 0/6
  1098 | D:1      | Learned a level 3 spell: Confusing Touch
  1785 | D:2      | Reached XP level 4. HP: 30/30 MP: 7/7
  2078 | D:2      | Reached skill level 7 in Stealth
  2396 | D:3      | Found an iron altar of Okawaru.
  2406 | D:3      | Became a worshipper of Warmaster Okawaru
  2629 | D:3      | Reached skill level 5 in Hexes
  2789 | D:3      | Found a faded altar of an unknown god.
  3030 | D:3      | Found a sparkling altar of Nemelex Xobeh.
  3083 | D:3      | Found a runed translucent door.
  3089 | D:3      | Noticed PyroL's ghost (weakling FeTm)
  3258 | D:4      | Noticed a necrophage
  3267 | D:4      | Killed a necrophage
  3268 | D:4      | Reached XP level 5. HP: 29/35 MP: 4/9
  3453 | D:4      | Found a blossoming altar of Fedhas.
  3467 | D:4      | Noticed an oklob plant
  3598 | D:4      | Found a staircase to the Ecumenical Temple.
  3603 | D:4      | Reached skill level 8 in Stealth
  3653 | D:4      | Killed from afar by an orc priest

Illustrated notes

Levels and vault maps discovered:
D:1:      dpeg_arrival_circle_labyrinth_a, layout_loops_ring,
          nicolae_concentric_dashed_squares_wild, hangedman_decor_push,
          nrook_mini_backslash, minmay_distorted
D:2:      minmay_wonky_spiral, layout_basic, chequers_serial_rivers_small_3,
          minmay_lizard_pond
D:3:      layout_basic, mainiacjoe_overflow_cross_hatched,
          nemelex_dance_club_becter, hellmonk_ecumenical_altar_crossroads,
          ebering_ghost_reflecting_pool, chequers_hall_statues_wall_a
D:4:      layout_loops_ring, nicolae_tso_carved_into_rock, tgw_fedhas,
          minmay_temple_entry_grid, minmay_misc_feat_columns

Skill      XL: |  1  2  3  4  5 |
---------------+----------------+-----
Stealth        | 5 6 7 8 |  8.2
Hexes          | 5 |  5.5
Short Blades   | |  1.1
Dodging        | |  2.1
Spellcasting   | |  2.8
Ice Magic      | |  0.7

Action                   |  1- 3 |  4- 6 || total
-------------------------+-------+-------++-------
Melee: Dagger            |    81 |    91 ||   172
       Bite              |     8 |     6 ||    14
       Punch             |     2 |       ||     2
 Cast: Ensorcelled Hiber |    20 |    17 ||    37
       Confusing Touch   |     2 |     5 ||     7
 Stab: Sleeping          |    23 |    19 ||    42
       Confused          |     2 |     2 ||     4
Armor: Robe              |    13 |    17 ||    30
Dodge: Dodged            |    47 |    65 ||   112

Table legend: (Time is in decaauts)
 A = Elapsed time spent in this place.
 B = Non-inter-level travel time spent in this place.
 C = Inter-level travel time spent in this place.
 D = Time resting spent in this place.
 E = Time spent auto-exploring this place.
 F = Levels seen in this place.
 G = Mean time per level.
                   A        B        C        D        E       F      G
               +--------+--------+--------+--------+--------+-----+--------+
         Total |   3644 |   3527 |    117 |     94 |   2789 |   4 |  911.0 |
       Dungeon |   3644 |   3527 |    117 |     94 |   2789 |   4 |  911.0 |
               +--------+--------+--------+--------+--------+-----+--------+

Top non-repeatable levels by time:
     D:2: 1279 daAuts
     D:1: 1112 daAuts
     D:3: 792 daAuts
     D:4: 460 daAuts
